 Dungeon Crawl Stone Soup version 0.18.1-8-gdd0e5ea (webtiles) character file.

1107 sugabear the Ducker (level 8, -5/42 HPs)
             Began as a Vine Stalker Gladiator on June 11, 2016.
             Was an Initiate of Ru.
             Killed by divine providence
             ... invoked by an orc priest
              (12 damage)
             ... on level 6 of the Dungeon.
             The game lasted 00:05:56 (4618 turns).

sugabear the Ducker (Vine Stalker Gladiator)        Turns: 4618, Time: 00:05:57

Health: -5/42      AC:  6    Str: 23    XL:     8   Next: 33%
Magic:  0/9        EV:  8    Int:  8    God:    Ru [......]
Gold:   231        SH:  0    Dex: 20    Spells: 0 memorised, 7 levels left

rFire  . . .     SeeInvis +     F - +0 great sword of World's End {slice, Dex+4 SInv}
rCold  . . .     Gourm    .     m - +0 ring mail
rNeg   . . .     Faith    .     (shield currently unavailable)
rPois  +         Spirit   +     c - +0 helmet
rElec  .         Dismiss  .     (no cloak)
rCorr  .         Reflect  .     (no gloves)
SustAt .         Harm     .     (no boots)
MR     +....                    (no amulet)
Stlth  +.........               g - ring of poison resistance
                                C - +4 ring of strength

@: heavily drained, somewhat resistant to hostile enchantments, very unstealthy
A: fangs 3, regeneration 2, magic shield, antimagic bite, no device heal 3, rot
immunity
a: Renounce Religion


You were on level 6 of the Dungeon.
You worshipped Ru.
Ru was noncommittal.
You were not hungry.

You visited 2 branches of the dungeon, and saw 7 of its levels.

You collected 231 gold pieces.

Inventory:

Hand Weapons
 s - a +0 short sword of draining
 u - a +2 short sword of holy wrath
 A - a +1 trident of venom
 F - the +0 great sword of World's End (weapon) {slice, Dex+4 SInv}
   (You found it on level 5 of the Dungeon)

   It inflicts extra damage upon your enemies.
   It affects your dexterity (+4).
   It lets you see invisible.
 I - a +2 dagger of freezing
Missiles
 d - 5 throwing nets (quivered)
Armour
 b - a +0 leather armour
 c - a +0 helmet (worn)
 m - a +0 ring mail (worn)
Jewellery
 g - a ring of poison resistance (right hand)
 p - an uncursed ring of positive energy
 x - an uncursed ring of resist corrosion
 C - a +4 ring of strength (left hand)
Wands
 z - a wand of flame (30/48)
Scrolls
 a - 2 scrolls of recharging {unknown}
 e - 2 scrolls of remove curse
 i - 2 scrolls of random uselessness {unknown}
 k - a scroll of magic mapping {unknown}
 n - 3 scrolls of identify
 q - 5 scrolls of teleportation {unknown}
 t - a scroll of fog {unknown}
 y - 2 scrolls of enchant weapon {unknown}
 H - a scroll of amnesia {unknown}
Potions
 j - 3 potions of agility {unknown}
 l - a potion of cancellation {unknown}
 o - 4 potions of curing {unknown}
 r - a potion of haste {unknown}
 v - 3 potions of magic {unknown}
 B - a potion of mutation {unknown}
 E - a potion of resistance {unknown}
 G - a potion of lignification {unknown}
Comestibles
 f - 3 bread rations
 w - a meat ration


   Skills:
 + Level 3.7(2.2) Fighting
 + Level 4.8(3.3) Short Blades
 + Level 1.0(1.7) Long Blades
 + Level 2.0(0.6) Throwing
 + Level 3.6(2.1) Armour
 + Level 5.0(3.4) Dodging
 + Level 2.0(0.5) Stealth


You had 7 spell levels left.
You didn't know any spells.

Dungeon Overview and Level Annotations

Branches:
Dungeon (6/15)             Temple (1/1) D:5

Altars:
Ashenzari
Dithmenos
Elyvilon
Fedhas
Gozag
Kikubaaqudgha
Nemelex Xobeh
Okawaru
Pakellas
Qazlal
Ru
Trog
Vehumet
Xom
The Shining One

Annotations:
D:6 Grinder


Innate Abilities, Weirdness & Mutations

You have razor-sharp teeth.
You heal very quickly.
When hurt, damage is shared between your health and your magic reserves.
Your bite disrupts and absorbs the magic of your enemies.
Potions and wands cannot restore your health.
You are immune to rotting.


Message History

Grinder drinks a potion.
Grinder seems to grow stronger.
The orc warrior hits you from afar with a halberd of protection!!
Grinder gestures at you.
You suddenly lose the ability to move!
The orc warrior hits you but does no damage.
The orc warrior hits you from afar with a halberd of protection!
* * * LOW HITPOINT WARNING * * *
Grinder hits you but does no damage.
The orc warrior hits you from afar with a halberd of protection.
* * * LOW HITPOINT WARNING * * *
You can move again.
There is a stone staircase leading up, spattered with blood here.
Unknown command.
Unknown command.
Grinder barely misses you.
The shadow imp grinds its teeth.
The orc warrior closely misses you.
The orc priest mumbles some strange prayers to Beogh against you.
Beogh smites you!
You die...

#....###....
####5..#..##.##
#.ยง.....)......
#o##.##.#.##.##
#.##.##.#.#
#.##.....
#.#####.#.
#.#####5#.#
#..5oo.@# .
######### ##


You could see Grinder, an orc warrior, an orc priest and a shadow imp.

Vanquished Creatures
  Sigmund (D:3)
  An ogre (D:5)
  3 wights (D:5)
  A howler monkey (D:5)
  A centaur zombie (D:5)
  A crimson imp (D:5)
  A hound (D:5)
  A giant frog skeleton (D:5)
  An orc priest (D:5)
  A jelly (D:5)
  An orc wizard (D:3)
  2 iguanas
  Natasha (thrice) (D:2)
  Ijyb (D:3)
  A killer bee zombie (D:5)
  A howler monkey skeleton (D:4)
  Robin (D:3)
  8 gnolls
  7 adders
  3 worms
  3 dart slugs (D:1)
  3 giant geckos
  15 orcs
  11 bats
  3 giant cockroaches
  15 goblins
  11 hobgoblins
  14 jackals
  4 quokkas
  3 ball pythons
  4 giant newts
  10 kobolds
  5 rats
141 creatures vanquished.

Notes
Turn   | Place    | Note
--------------------------------------------------------------
     0 | D:1      | sugabear the Vine Stalker Gladiator began the quest for the Orb.
     0 | D:1      | Reached XP level 1. HP: 11/11 MP: 2/2
   100 | D:1      | Reached XP level 2. HP: 15/15 MP: 3/3
   153 | D:1      | Reached XP level 3. HP: 18/18 MP: 4/4
   326 | D:1      | Reached skill level 3 in Dodging
   851 | D:2      | Found a bloodstained altar of Trog.
   889 | D:2      | Reached XP level 4. HP: 23/23 MP: 5/5
  1052 | D:2      | Noticed Natasha
  1061 | D:2      | Killed Natasha
  1380 | D:2      | Noticed Natasha
  1391 | D:2      | Killed Natasha
  1391 | D:2      | Reached skill level 1 in Armour
  1391 | D:2      | Reached XP level 5. HP: 19/26 MP: 6/6
  1503 | D:2      | Noticed Natasha
  1512 | D:2      | Killed Natasha
  1550 | D:3      | Found a faded altar to an unknown god.
  1563 | D:3      | Reached skill level 1 in Stealth
  1636 | D:3      | Found an opulent altar of Gozag.
  1715 | D:3      | Noticed Ijyb
  1723 | D:3      | Killed Ijyb
  1755 | D:3      | Noticed Robin
  1809 | D:3      | Killed Robin
  1809 | D:3      | Gained mutation: You heal very quickly. [Vine Stalker growth]
  1809 | D:3      | Reached XP level 6. HP: 19/30 MP: 7/7
  2085 | D:3      | Noticed Sigmund
  2098 | D:3      | Killed Sigmund
  2098 | D:3      | Reached skill level 4 in Dodging
  2209 | D:3      | Reached XP level 7. HP: 31/35 MP: 8/8
  2904 | D:4      | Found a radiant altar of Vehumet.
  3298 | D:5      | Entered Level 5 of the Dungeon
  3368 | D:5      | Got a brightly glowing great sword
  3369 | D:5      | Identified the cursed +0 great sword of World's End {slice, Dex+4 SInv} (You found it on level 5 of the Dungeon)
  3576 | D:5      | Found a sparkling altar of Nemelex Xobeh.
  3607 | D:5      | Gained mutation: You have razor-sharp teeth. [Vine Stalker growth]
  3607 | D:5      | Reached XP level 8. HP: 34/40 MP: 7/9
  3623 | D:5      | Reached skill level 5 in Dodging
  3821 | D:5      | Found an iron altar of Okawaru.
  3821 | D:5      | Found a shimmering altar of Xom.
  3822 | D:5      | Found a blossoming altar of Fedhas.
  3903 | D:5      | Reached skill level 1 in Long Blades
  4161 | D:5      | Found a staircase to the Ecumenical Temple.
  4168 | Temple   | Entered the Ecumenical Temple
  4465 | Temple   | Became a worshipper of Ru the Awakened
  4592 | D:6      | Found an oddly glowing altar of Pakellas.
  4595 | D:6      | Noticed Grinder
  4614 | D:6      | Paralysed by Grinder for 4 turns
  4618 | D:6      | Killed from afar by an orc priest

Skill      XL: |  1  2  3  4  5  6  7  8 |
---------------+-------------------------+-----
Throwing       | 2 |  2.0
Short Blades   | 3 4 |  4.8
Dodging        | 3 4 5 |  5.0
Fighting       | 2 3 |  3.7
Armour         | 1 2 3 |  3.6
Stealth        | 1 2 |  2.0
Long Blades    | 1 |  1.0

Action                   |  1- 3 |  4- 6 |  7- 9 || total
-------------------------+-------+-------+-------++-------
Melee: Rapier            |    92 |    13 |       ||   105
       Bite              |    26 |    50 |    68 ||   144
       Short sword       |       |   151 |   133 ||   284
       Great sword       |       |       |    38 ||    38
       Dagger            |       |       |     2 ||     2
  Use: Scroll            |       |       |     3 ||     3
  Eat: Chunk             |       |     4 |     6 ||    10
       Pizza             |       |       |     2 ||     2
       Beef jerky        |       |       |     1 ||     1
Armor: Leather armour    |    11 |       |       ||    11
       Ring mail         |    18 |    57 |    53 ||   128
Dodge: Dodged            |    55 |   115 |   145 ||   315
